Map: Frozen Temple

Players

NORTHAMERICA - Winner!

  • Race: Protoss Protoss
  • League: Grandmaster

십팔년팔월칠일

  • Race: Terran Terran
  • League: Master

VOD

Have the link to the VOD?

Description

Time

  • Played on: Nov. 4, 2016, 12:01 a.m.
  • Length: 7:46
Show
View Real Time Build Order
Export as new Build Order

NORTHAMERICA Protoss - Winner!

Build Orders: 1 Gate Expand, Blink Stalkers 

Get SALT Encoding   

  12  0:01  Probe (Chrono Boost)  
  13  0:12  Probe (Chrono Boost)  
  14  0:18  Pylon  
  14  0:22  Probe (Chrono Boost)  
  15  0:37  Probe (Chrono Boost), Gateway  
  16  0:49  Probe (Chrono Boost), Assimilator  
  17  1:00  Probe (Chrono Boost)  
  18  1:10  Probe (Chrono Boost)  
  19  1:22  Unknown, Nexus  
  19  1:27  Probe (Chrono Boost)  
  20  1:36  Cybernetics Core  
  20  1:40  Probe (Chrono Boost)  
  20  1:46  Assimilator  
  21  1:50  Probe (Chrono Boost)  
  22  1:59  Pylon  
  23  2:01  Probe (Chrono Boost)  
  23  2:17  Adept  
  23  2:18  Mothership Core (Chrono Boost)  
  23  2:22  Warp Gate  
  27  2:34  Unknown  
  27  2:36  Probe (Chrono Boost)  
  28  2:42  Probe (Chrono Boost)  
  29  2:47  Probe (Chrono Boost)  
  29  2:48  Twilight Council  
  30  2:53  Probe (Chrono Boost)  
  30  2:57  Probe (Chrono Boost)  
  32  3:03  Probe (Chrono Boost)  
  33  3:08  Probe (Chrono Boost)  
  34  3:14  Probe (Chrono Boost)  
  34  3:16  Gateway x2  
  34  3:18  Probe (Chrono Boost)  
  36  3:24  Probe (Chrono Boost)  
  36  3:26  Blink  
  37  3:29  Robotics Facility, Probe (Chrono Boost)  
  38  3:35  Probe (Chrono Boost)  
  38  3:39  Probe (Chrono Boost)  
  40  3:45  Probe (Chrono Boost)  
  41  3:50  Probe (Chrono Boost)  
  41  3:52  Pylon  
  42  3:56  Pylon, Probe (Chrono Boost)  
  42  4:01  Probe (Chrono Boost)  
  44  4:06  Probe (Chrono Boost)  
  45  4:13  Probe (Chrono Boost)  
  45  4:16  Pylon  
  46  4:17  Probe (Chrono Boost)  
  46  4:20  Assimilator  
  46  4:22  Observer  
  48  4:25  Probe (Chrono Boost)  
  48  4:29  Probe (Chrono Boost)  
  48  4:31  Stalker x3  
  56  4:35  Pylon  
  56  4:38  Probe (Chrono Boost)  
  57  4:41  Probe (Chrono Boost), Observer  
  59  4:50  Probe (Chrono Boost)  
  61  4:54  Probe (Chrono Boost)  
  61  5:02  Unknown, Forge, Nexus  
  61  5:03  Pylon  
  61  5:04  Probe (Chrono Boost), Gateway  
  62  5:11  Sentry  
  62  5:12  Robotics Bay  
  64  5:16  Probe x2 (Chrono Boost)  
  64  5:18  Immortal  
  64  5:20  Pylon  
  71  5:28  Probe (Chrono Boost)  
  71  5:32  Adept x2, Gateway  
  75  5:36  Pylon  
  75  5:38  Assimilator  
  75  5:41  Pylon  
  75  5:42  Stalker  
  69  5:52  Warp Prism  
  69  5:54  Stalker  
  69  5:55  Stalker  
  67  6:15  Probe (Chrono Boost)  
  67  6:18  Stalker x3  
  74  6:20  Gateway  
  74  6:23  Disruptor  
  74  6:24  Adept, Pylon  
  76  6:30  Photon Cannon  
  79  6:35  Stalker  
  81  6:42  Pylon  
  81  6:43  Stalker x3  
  81  7:08  Stalker x4  
  85  7:09  Stalker  
  85  7:12  Probe (Chrono Boost)  
Show
View Real Time Build Order
Export as new Build Order

십팔년팔월칠일 Terran 

Build Orders: Reaper Expand 

Get SALT Encoding   

  12  0:01  SCV  
  13  0:13  SCV  
  14  0:18  Supply Depot  
  14  0:25  SCV  
  15  0:39  SCV  
  15  0:40  Barracks  
  16  0:45  Refinery  
  16  0:52  SCV  
  17  1:04  SCV  
  18  1:16  SCV  
  19  1:28  Reaper  
  19  1:29  Orbital Command  
  20  1:55  SCV  
  20  1:57  Command Center, Unknown  
  20  2:01  Barracks Reactor  
  21  2:07  Supply Depot, SCV  
  22  2:15  Refinery  
  22  2:25  Factory  
  22  2:29  SCV  
  23  2:37  Marine x2  
  23  2:41  SCV  
  26  2:53  SCV  
  26  2:55  Marine x2  
  29  3:06  SCV  
  29  3:08  Factory Tech Lab  
  29  3:09  Orbital Command, Unknown  
  30  3:13  Marine x2  
  30  3:18  Starport  
  32  3:22  SCV  
  32  3:27  Mag-Field Accelerator  
  33  3:31  Marine x2  
  35  3:34  SCV  
  35  3:35  Cyclone  
  35  3:40  Refinery  
  40  3:46  Supply Depot  
  40  3:51  Marine x2  
  40  3:54  Medivac  
  44  3:56  SCV  
  45  4:07  Supply Depot  
  45  4:08  Liberator, SCV  
  46  4:12  Cyclone  
  50  4:30  Marine  
  50  4:31  Marine  
  55  4:34  Supply Depot  
  55  4:43  Supply Depot  
  55  4:44  Cyclone  
  59  4:48  Marine x2  
  61  4:54  Supply Depot  
  60  5:06  Liberator, Marine x2  
  62  5:16  Cyclone  
  69  5:31  Marine x2  
  71  5:43  Supply Depot  
  71  5:48  Cyclone  
  71  5:49  Marine x2  
  74  5:51  Liberator  
  74  5:54  Bunker  
  70  6:07  Marine x2  
  64  6:20  Cyclone  
  64  6:25  Marine x2  
  70  6:43  Marine x2  
  70  6:44  Bunker  
  72  6:52  Cyclone  
  73  7:00  Marine  
  73  7:01  Marine  
  70  7:18  Marine x2  
Tags
 
Add a new tag
Caveats
  • Supply blocks, unpowered buildings, or Contaminate may cause inaccurate times.
  • Supply counts are checked every 10 seconds.